 Dungeon Crawl Stone Soup version 0.26-a0-771-g060e6a62af (webtiles) character file.

Game seed: 5992306127577495372

113 Peloso the Covered (level 4, -4/40 HPs)
             Began as a Minotaur Fighter on Nov 8, 2020.
             Slain by Menkaure (14 damage)
             ... on level 4 of the Dungeon.
             The game lasted 00:04:07 (2470 turns).

Peloso the Covered (Minotaur Fighter)               Turns: 2470, Time: 00:04:07

Health: -4/40      AC:  7    Str: 20    XL:     4   Next: 65%
Magic:  3/3        EV:  8    Int:  5    God:
Gold:   122        SH:  9    Dex: 11    Spells: 3/3 levels left

rFire    . . .     SeeInvis .   a - +0 long sword
rCold    . . .     Faith    .   c - +0 kite shield
rNeg     . . .     Spirit   .   b - +0 scale mail
rPois    .         Reflect  .   (helmet restricted)
rElec    .         Harm     .   (no cloak)
rCorr    .         Rampage  .   (no gloves)
MR       .....     Rnd*Tele +   (no boots)
Stlth    ..........             (no amulet)
HPRegen  0.13/turn              s - ring of teleportation (curse)
MPRegen  0.08/turn              (no ring)

@: no status effects
A: retaliatory headbutt, horns 2
a: no special abilities


You were on level 4 of the Dungeon.
You visited 1 branch of the dungeon, and saw 4 of its levels.

You collected 122 gold pieces.

Inventory:

Hand Weapons
 a - a +0 long sword (weapon)
Armour
 b - a +0 scale mail (worn)
 c - a +0 kite shield (worn)
Jewellery
 s - a cursed ring of teleportation (left hand)
Wands
 o - a wand of disintegration (12)
 p - a wand of enslavement (6)
Scrolls
 e - a scroll of fog {unknown}
 f - 2 scrolls of teleportation {unknown}
 g - 4 scrolls of remove curse {unknown}
 h - a scroll of noise {unknown}
 i - 2 scrolls of enchant weapon {unknown}
 j - 4 scrolls of identify {unknown}
 l - a scroll of enchant armour {unknown}
 q - a scroll of amnesia {unknown}
Potions
 d - 2 potions of might
 k - a potion of curing
 m - a potion of heal wounds
 n - 2 potions of ambrosia {unknown}
 r - a potion of cancellation {unknown}
 t - a potion of berserk rage {unknown}


   Skills:
 + Level 3.9 Fighting
 + Level 3.9 Long Blades
 + Level 4.7 Armour
 + Level 1.2 Dodging
 + Level 4.3 Shields


You had 3 spell levels left.
You didn't know any spells.
Your spell library was empty.

Dungeon Overview and Level Annotations

Branches:
Dungeon (4/15)
 Temple: D:4-7

Altars:
Sif Muna

Annotations:
D:4 Menkaure


Innate Abilities, Weirdness & Mutations

You reflexively headbutt those who attack you in melee.
You have a pair of horns on your head.


Message History

Pain shoots through your body!
You hit Menkaure.
Menkaure is moderately damaged.
The adder bites you but does no damage. Menkaure breathes soot at you.
Menkaure hits you! The adder closely misses you.
You riposte.
You miss the adder. Your headbutt misses the adder.
You block Menkaure's attack.
You hit Menkaure but do no damage.
Menkaure is moderately damaged.
The adder bites you but does no damage.
Menkaure points at you and mumbles some strange words.
Pain shoots through your body! You block the adder's attack.
Unknown command.
You hit Menkaure.
Menkaure is heavily damaged.
Menkaure hits you.
* * * LOW HITPOINT WARNING * * *
You block the adder's attack. Menkaure hits you!
You die...

..........
.........#
..........
.....(...#
.........#
.!.......#
.........#.##
.......@....#
.......MS...#
............#
#...........#
..............
######.#######.
##


You could see Menkaure (fast) and an adder.

Vanquished Creatures
  Ijyb (D:3)
  2 adders
  An ooze (D:3)
  A worm (D:3)
  A dart slug (D:1)
  2 leopard geckos (D:1)
  An orc (D:3)
  5 giant cockroaches
  A goblin (D:3)
  9 hobgoblins
  4 jackals
  A quokka (D:3)
  A ball python (D:3)
  7 bats
  3 frilled lizards
  8 kobolds
  6 rats
54 creatures vanquished.

Notes
Turn   | Place    | Note
-------+----------+-------------------------------------------
     0 | D:1      | Peloso the Minotaur Fighter began the quest for the Orb.
     0 | D:1      | Reached XP level 1. HP: 19/19 MP: 0/0
   186 | D:1      | Reached XP level 2. HP: 27/27 MP: 1/1
   383 | D:1      | Reached skill level 1 in Dodging
   628 | D:1      | Reached XP level 3. HP: 29/33 MP: 2/2
  1570 | D:2      | Found a shimmering blue altar of Sif Muna.
  1675 | D:3      | Noticed Ijyb
  1679 | D:3      | Killed Ijyb
  1679 | D:3      | Reached XP level 4. HP: 40/40 MP: 3/3
  2372 | D:4      | Noticed Menkaure
  2470 | D:4      | Slain by Menkaure

Illustrated notes

Levels and vault maps discovered:
D:1:      zelgadis_glass_arrival_small, layout_loops_ring
D:2:      layout_basic, lemuel_blue_sif_altar, serial_park_tiny_pond
D:3:      layout_rooms, uniq_ijyb
D:4:      layout_rooms, minmay_temple_entry_statues_fountains,
          kennysheep_flooded_box, uniq_menkaure

Skill      XL: |  1  2  3 |
---------------+----------+-----
Armour         | 4 |  4.7
Dodging        | 1 |  1.2
Long Blades    | 3 |  3.9
Shields        | 4 |  4.3
Fighting       | |  3.9

Action                   |  1- 3 |  4- 6 || total
-------------------------+-------+-------++-------
Melee: Long sword        |    83 |    41 ||   124
       Headbutt          |     8 |     6 ||    14
Evoke: Wand              |     2 |     1 ||     3
  Use: Potion            |     2 |       ||     2
Armor: Scale mail        |    39 |    21 ||    60
Dodge: Dodged            |    36 |    10 ||    46
Block: Kite shield       |    55 |    21 ||    76
       Rpst.: Long sword |     5 |     2 ||     7

Table legend: (Time is in decaauts)
 A = Elapsed time spent in this place.
 B = Non-inter-level travel time spent in this place.
 C = Inter-level travel time spent in this place.
 D = Time resting spent in this place.
 E = Time spent auto-exploring this place.
 F = Levels seen in this place.
 G = Mean time per level.
                   A        B        C        D        E       F      G
               +--------+--------+--------+--------+--------+-----+--------+
         Total |   2508 |   2438 |     70 |     83 |   1920 |   4 |  627.0 |
       Dungeon |   2508 |   2438 |     70 |     83 |   1920 |   4 |  627.0 |
               +--------+--------+--------+--------+--------+-----+--------+

Top non-repeatable levels by time:
     D:1: 897 daAuts
     D:3: 867 daAuts
     D:2: 729 daAuts
     D:4: 14 daAuts
